 Dungeon Crawl Stone Soup version 0.21-a0-352-g5b8f553 (webtiles) character file.

25881 4thArraOfDagon the Fighter (level 13, -3/103 HPs)
             Began as a Gnoll Monk on Oct 10, 2017.
             Was an Elder of Cheibriados.
             Killed by divine providence
             ... invoked by an orc high priest
              (10 damage)
             ... on level 2 of the Orcish Mines.
             The game lasted 00:27:08 (4405 turns).

4thArraOfDagon the Fighter (Gnoll Monk)             Turns: 4405, Time: 00:27:09

Health: -3/103     AC: 10    Str: 30    XL:     13   Next: 22%
Magic:  5/24       EV: 22    Int: 25    God:    Cheibriados [****..]
Gold:   922        SH:  0    Dex: 26    Spells: 27/27 levels left

rFire    . . .     SeeInvis +   o - +1 war axe
rCold    . . .     Gourm    .   (no shield)
rNeg     . . .     Faith    .   A - +2 troll leather armour
rPois    .         Spirit   .   H - +0 helmet
rElec    +         Reflect  .   (no cloak)
rCorr    .         Harm     .   r - +0 pair of gloves
MR       ++...                  (no boots)
Stlth    +++++.....             (no amulet)
HPRegen  0.67/turn              p - ring of protection from magic
MPRegen  0.19/turn              z - ring of the Barracuda {rElec MR+ Str+5 SInv}

@: very slow
A: distributed training, fangs 1, mutation resistance 1, strong nose
a: Bend Time, Temporal Distortion, Slouch, Renounce Religion


You were on level 2 of the Orcish Mines.
You worshipped Cheibriados.
Cheibriados was greatly pleased with you.
You were not hungry.

You visited 3 branches of the dungeon, and saw 16 of its levels.
You also visited: Sewer.

You collected 992 gold pieces.
You spent 70 gold pieces at shops.

Inventory:

Hand Weapons
 a - a +0 hand axe
 i - a -1 hand axe
 o - a +1 war axe (weapon)
 q - a +0 broad axe
Missiles
 l - 2 curare-tipped needles
Armour
 b - a +0 robe
 e - a +1 ring mail of fire resistance
 g - a +0 ring mail
 m - the +0 leather armour of Sack {rPois rC++ Int-4 Slay+2}
   (You found it on level 4 of the Dungeon)

   It affects your intelligence (-4).
   It affects your accuracy and damage with ranged weapons and melee attacks
   (+2).
   It greatly protects you from cold.
   It protects you from poison.
 r - a +0 pair of gloves (worn)
 A - a +2 troll leather armour (worn)
 G - a +0 scale mail
 H - a +0 helmet (worn)
Jewellery
 p - a ring of protection from magic (left hand)
 z - the ring of the Barracuda (right hand) {rElec MR+ Str+5 SInv}
   (You found it on level 12 of the Dungeon)

   [ring of strength]

   It affects your strength (+5).
   It insulates you from electricity.
   It affects your resistance to hostile enchantments.
   It lets you see invisible.
Wands
 t - a wand of flame (10/48)
 u - a wand of flame (8/48)
 x - a wand of polymorph (0/24)
Scrolls
 d - 2 scrolls of remove curse
 h - 3 scrolls of blinking
 j - 2 scrolls of enchant weapon
 s - 2 scrolls of teleportation
 y - 3 scrolls of fear
 B - 2 scrolls of magic mapping
Potions
 f - a potion of haste
 k - a potion of might
 n - 3 potions of flight
 v - a potion of lignification
 J - a potion of resistance
Comestibles
 c - 4 bread rations


   Skills:
 + Level 10.3 Fighting
 + Level 7.9 Short Blades
 + Level 7.9 Long Blades
 + Level 10.3 Axes
 + Level 7.9 Maces & Flails
 + Level 7.9 Polearms
 + Level 7.9 Staves
 + Level 7.9 Slings
 + Level 7.9 Bows
 + Level 7.9 Crossbows
 + Level 7.9 Throwing
 + Level 7.9 Armour
 + Level 10.3 Dodging
 + Level 9.1 Stealth
 + Level 7.9 Shields
 + Level 7.9 Unarmed Combat
 + Level 7.9 Spellcasting
 + Level 7.9 Conjurations
 + Level 7.9 Hexes
 + Level 7.9 Charms
 + Level 7.9 Summonings
 + Level 7.9 Necromancy
 + Level 7.9 Translocations
 + Level 7.9 Transmutations
 + Level 7.9 Fire Magic
 + Level 7.9 Ice Magic
 + Level 7.9 Air Magic
 + Level 7.9 Earth Magic
 + Level 7.9 Poison Magic
 + Level 7.9 Invocations
 + Level 7.9 Evocations


You had 27 spell levels left.
You didn't know any spells.

Dungeon Overview and Level Annotations

Branches:
Dungeon (13/15)            Temple (1/1) D:6            Lair (0/6) D:9
    Orc (2/2) D:9             Elf (0/3) Orc:2        Vaults (0/5) D:13

Altars:
Ashenzari
Cheibriados
Dithmenos
Fedhas
Kikubaaqudgha
Nemelex Xobeh
Qazlal
Ru
Vehumet
Xom

Shops:
D:6 !   D:7 }}   D:8 %

Annotations:
D:3 Terence
D:10 Urug


Innate Abilities, Weirdness & Mutations

Your experience applies equally to all skills.
You have very sharp teeth.
Your uncanny sense of smell can sniff out nearby items.
You are somewhat resistant to further mutation.


Message History

Unknown command.
Unknown command.
Unknown command.
You can feel time thicken for a moment.
You kill the orc knight!
Cheibriados appreciates the change of pace.
You kill the chaos spawn!
The chaos spawn degenerates into a cloud of primal chaos!
You kill the orc knight!
Cheibriados appreciates the change of pace.
You kill the orc knight!
Cheibriados thoroughly appreciates the change of pace.
You kill the orc high priest!
Cheibriados appreciates the change of pace.
The rust devil disappears in a puff of smoke!
The red devil disappears in a puff of smoke!
Cheibriados lowers the support of your attributes as your movement quickens.
The orc high priest mumbles some strange prayers to Beogh against you.
Beogh smites you!
You die...

.##.....).....###
##.....))...)...##
##.#............##
###...#####.....##
#...## ###....#
##..# # ##...#
#### .÷.∆ ##...#
∆o..÷.#)).##
)§.).))@.#
.§..÷)).##
∆..§÷.).## )..÷...
.....## ..§÷# ####
.


You could see an orc high priest.

Vanquished Creatures
  Rupert (D:13)
  Nessos (D:13)
  A fire dragon (D:13)
  A centaur warrior (D:13)
  A two-headed ogre (D:9)
  3 orc high priests (Orc:2)
  5 orc knights (Orc:2)
  A deep elf mage (D:10)
  4 orc sorcerers
  An ugly thing (D:11)
  A faun (D:9)
  A cyclops (D:12)
  5 trolls
  A hornet (D:9)
  2 hippogriffs
  A meliai zombie (D:12)
  10 yaks
  Eustachio (D:6)
  16 humans
  A wyvern (D:11)
  A hungry ghost (D:12)
  Grum (D:8)
  4 wargs
  16 orc warriors
  A phantom (D:7)
  5 sky beasts
  An ice beast (D:7)
  A necrophage (D:6)
  3 wolves (D:8)
  9 ogres
  5 centaurs
  3 big kobolds
  5 bullfrogs
  A gnoll sergeant (D:6)
  5 scorpions
  11 killer bees (D:11)
  A howler monkey (D:4)
  5 wights (D:11)
  6 crimson imps
  4 centaur zombies
  A quasit (D:9)
  A bullfrog zombie (D:10)
  5 hounds
  2 jellies
  A gnoll shaman (D:7)
  10 orc priests
  15 orc wizards
  A bullfrog skeleton (D:6)
  5 iguanas
  4 worker ants
  8 gnolls
  15 adders
  2 shadow imps
  9 oozes (Sewer)
  An adder zombie (D:9)
  2 adder skeletons
  A worm (D:6)
  15 leopard geckos
  61 orcs
  12 ball pythons
  A bat (D:1)
  9 giant cockroaches
  2 goblins
  3 hobgoblins
  3 jackals (D:3)
  2 quokkas
  14 frilled lizards
  A jackal skeleton (D:6)
  18 kobolds
  A leopard gecko skeleton (D:7)
  A quokka skeleton (D:4)
  3 rats
375 creatures vanquished.

Vanquished Creatures (others)
  An orc knight (D:13)
  A human (D:13)
  An orc wizard (Orc:2)
3 creatures vanquished.

Grand Total: 378 creatures vanquished

Notes
Turn   | Place    | Note
-------+----------+-------------------------------------------
     0 | D:1      | 4thArraOfDagon the Gnoll Monk began the quest for the Orb.
     0 | D:1      | Reached XP level 1. HP: 23/23 MP: 1/1
   180 | D:2      | Reached XP level 2. HP: 13/29 MP: 2/2
   293 | D:3      | Reached XP level 3. HP: 35/35 MP: 3/3
   339 | D:3      | Reached skill level 1 in Short Blades
   339 | D:3      | Reached skill level 1 in Long Blades
   339 | D:3      | Reached skill level 1 in Maces & Flails
   339 | D:3      | Reached skill level 1 in Polearms
   339 | D:3      | Reached skill level 1 in Staves
   339 | D:3      | Reached skill level 1 in Slings
   339 | D:3      | Reached skill level 1 in Bows
   339 | D:3      | Reached skill level 1 in Crossbows
   339 | D:3      | Reached skill level 1 in Throwing
   339 | D:3      | Reached skill level 1 in Armour
   339 | D:3      | Reached skill level 1 in Shields
   339 | D:3      | Reached skill level 1 in Unarmed Combat
   339 | D:3      | Reached skill level 1 in Spellcasting
   339 | D:3      | Reached skill level 1 in Conjurations
   339 | D:3      | Reached skill level 1 in Hexes
   339 | D:3      | Reached skill level 1 in Charms
   339 | D:3      | Reached skill level 1 in Summonings
   339 | D:3      | Reached skill level 1 in Necromancy
   339 | D:3      | Reached skill level 1 in Translocations
   339 | D:3      | Reached skill level 1 in Transmutations
   339 | D:3      | Reached skill level 1 in Fire Magic
   339 | D:3      | Reached skill level 1 in Ice Magic
   339 | D:3      | Reached skill level 1 in Air Magic
   339 | D:3      | Reached skill level 1 in Earth Magic
   339 | D:3      | Reached skill level 1 in Poison Magic
   339 | D:3      | Reached skill level 1 in Invocations
   339 | D:3      | Reached skill level 1 in Evocations
   361 | D:3      | Noticed Terence
   381 | D:4      | Found a sacrificial altar of Ru.
   384 | D:4      | Reached XP level 4. HP: 23/41 MP: 5/5
   396 | D:4      | Got a faintly glowing leather armour
   407 | D:4      | Identified the +0 leather armour of Sack {rPois rC++ Int-4 Slay+2} (You found it on level 4 of the Dungeon)
   478 | D:4      | Reached XP level 5. HP: 21/47 MP: 6/6
   516 | D:5      | Entered Level 5 of the Dungeon
   617 | D:6      | Found a glowing drain.
   627 | D:6      | Noticed Eustachio
   641 | D:6      | Noticed an ogre
   656 | D:6      | Found a staircase to the Ecumenical Temple.
   666 | Temple   | Entered the Ecumenical Temple
   675 | Temple   | Became a worshipper of Cheibriados the Contemplative
   675 | Temple   | Reached * piety under Cheibriados
   675 | Temple   | Reached ** piety under Cheibriados
   691 | D:6      | Killed an ogre
   691 | D:6      | Reached XP level 6. HP: 34/53 MP: 8/8
   730 | D:6      | Killed Eustachio
   733 | D:6      | Reached XP level 7. HP: 43/59 MP: 8/10
   760 | Sewer    | Entered a sewer
   802 | Sewer    | Reached *** piety under Cheibriados
   916 | Sewer    | Reached **** piety under Cheibriados
   952 | Sewer    | Reached skill level 5 in Stealth
   999 | D:6      | Found Yciecsoq's Distillery.
  1004 | D:6      | Bought a potion of might for 56 gold pieces
  1004 | D:6      | Bought a potion of degeneration for 14 gold pieces
  1036 | D:6      | Reached XP level 8. HP: 61/67 MP: 12/12
  1140 | D:5      | Found a blossoming altar of Fedhas.
  1140 | D:5      | Found an ancient bone altar of Kikubaaqudgha.
  1225 | D:7      | Found Nyskuble's Gadget Shoppe.
  1267 | D:7      | Reached ***** piety under Cheibriados
  1355 | D:7      | Found Ryaklo's Gadget Boutique.
  1356 | D:7      | HP: 2/67 [orc/morningstar (11)]
  1375 | D:7      | Gained mutation: You tend to lose your temper in combat. [mutagenic meat]
  1376 | D:7      | Gained mutation: Your magical capacity is low. (-10% MP) [mutagenic meat]
  1377 | D:7      | Gained mutation: Your system is resistant to poisons. (rPois) [mutagenic meat]
  1378 | D:7      | Gained mutation: You occasionally shout uncontrollably at your foes. [mutagenic meat]
  1379 | D:7      | Gained mutation: You are clumsy. (Dex -2) [mutagenic meat]
  1380 | D:7      | Gained mutation: You are somewhat resistant to further mutation. [mutagenic meat]
  1385 | D:7      | Gained mutation: You have a somewhat thin skeletal structure. (Dex +2, Stealth) [mutagenic meat]
  1399 | D:7      | Found a stormy altar of Qazlal.
  1475 | D:7      | Reached XP level 9. HP: 40/72 MP: 13/13
  1570 | D:7      | Found a flagged portal.
  1791 | D:8      | Noticed Grum
  1806 | D:8      | Killed Grum
  1887 | D:8      | Found Hoqawnypn's Food Emporium.
  1986 | D:8      | Lost mutation: Your magical capacity is low. (-10% MP) [potion of mutation]
  1986 | D:8      | Lost mutation: You are clumsy. (Dex -2) [potion of mutation]
  1986 | D:8      | Lost mutation: You tend to lose your temper in combat. [potion of mutation]
  1986 | D:8      | Lost mutation: You occasionally shout uncontrollably at your foes. [potion of mutation]
  2089 | D:8      | Lost mutation: Your system is resistant to poisons. (rPois) [mutagenic meat]
  2092 | D:8      | Lost mutation: You have a somewhat thin skeletal structure. (Dex +2, Stealth) [mutagenic meat]
  2146 | D:9      | Found a staircase to the Orcish Mines.
  2149 | D:9      | Reached XP level 10. HP: 80/80 MP: 15/17
  2225 | D:9      | Noticed a two-headed ogre
  2228 | D:9      | Noticed a faun
  2228 | D:9      | a two-headed ogre changed into a faun
  2233 | D:9      | Killed a faun
  2233 | D:9      | Reached skill level 5 in Short Blades
  2233 | D:9      | Reached skill level 5 in Long Blades
  2233 | D:9      | Reached skill level 5 in Maces & Flails
  2233 | D:9      | Reached skill level 5 in Polearms
  2233 | D:9      | Reached skill level 5 in Staves
  2233 | D:9      | Reached skill level 5 in Slings
  2233 | D:9      | Reached skill level 5 in Bows
  2233 | D:9      | Reached skill level 5 in Crossbows
  2233 | D:9      | Reached skill level 5 in Throwing
  2233 | D:9      | Reached skill level 5 in Armour
  2233 | D:9      | Reached skill level 5 in Shields
  2233 | D:9      | Reached skill level 5 in Unarmed Combat
  2233 | D:9      | Reached skill level 5 in Spellcasting
  2233 | D:9      | Reached skill level 5 in Conjurations
  2233 | D:9      | Reached skill level 5 in Hexes
  2233 | D:9      | Reached skill level 5 in Charms
  2233 | D:9      | Reached skill level 5 in Summonings
  2233 | D:9      | Reached skill level 5 in Necromancy
  2233 | D:9      | Reached skill level 5 in Translocations
  2233 | D:9      | Reached skill level 5 in Transmutations
  2233 | D:9      | Reached skill level 5 in Fire Magic
  2233 | D:9      | Reached skill level 5 in Ice Magic
  2233 | D:9      | Reached skill level 5 in Air Magic
  2233 | D:9      | Reached skill level 5 in Earth Magic
  2233 | D:9      | Reached skill level 5 in Poison Magic
  2233 | D:9      | Reached skill level 5 in Invocations
  2233 | D:9      | Reached skill level 5 in Evocations
  2237 | D:9      | Noticed a two-headed ogre
  2246 | D:9      | Killed a two-headed ogre
  2364 | D:9      | Found a staircase to the Lair.
  2401 | D:10     | Entered Level 10 of the Dungeon
  2594 | D:10     | Noticed a deep elf mage
  2602 | D:10     | Killed a deep elf mage
  2602 | D:10     | Reached XP level 11. HP: 52/87 MP: 19/19
  2660 | D:10     | Reached ****** piety under Cheibriados
  2670 | D:10     | Noticed Urug
  2704 | D:11     | Noticed a green ugly thing
  2721 | D:11     | Killed a green ugly thing
  3056 | D:12     | Noticed a manticore
  3245 | D:13     | Found a gate to the Vaults.
  3245 | D:13     | Noticed Nessos
  3245 | D:13     | Noticed a fire dragon
  3245 | D:13     | Noticed Rupert
  3245 | D:13     | Noticed an orc knight
  3245 | D:13     | Noticed a cyclops
  3245 | D:13     | Noticed a cyclops
  3249 | D:13     | Killed Nessos
  3251 | D:13     | Noticed a two-headed ogre
  3251 | D:13     | Noticed a centaur warrior
  3256 | D:13     | Killed an orc knight
  3256 | D:13     | Reached XP level 12. HP: 76/96 MP: 22/22
  3261 | D:13     | Killed a centaur warrior
  3262 | D:13     | Killed Rupert
  3265 | D:13     | Noticed a two-headed ogre
  3268 | D:13     | Killed a fire dragon
  3315 | D:12     | Found a shadowy altar of Dithmenos.
  3389 | D:12     | Got a transparent lead ring
  3390 | D:12     | Identified the ring of the Barracuda {rElec MR+ Str+5 SInv} (You found it on level 12 of the Dungeon)
  3548 | Orc:1    | Entered Level 1 of the Orcish Mines
  3561 | Orc:1    | Noticed an orc warlord
  3571 | Orc:2    | Entered Level 2 of the Orcish Mines
  3707 | Orc:2    | Noticed an orc high priest
  3731 | Orc:2    | Killed an orc high priest
  3826 | Orc:2    | Reached skill level 10 in Fighting
  3826 | Orc:2    | Reached skill level 10 in Axes
  3826 | Orc:2    | Reached skill level 10 in Dodging
  3960 | Orc:2    | Found a staircase to the Elven Halls.
  4262 | Orc:2    | Noticed an orc high priest
  4264 | Orc:2    | Noticed a sun demon
  4353 | Orc:2    | Noticed a sun demon
  4357 | Orc:2    | Killed an orc high priest
  4357 | Orc:2    | Reached XP level 13. HP: 71/103 MP: 24/24
  4405 | Orc:2    | Killed from afar by an orc high priest

Vault maps used:
D:1:      scummos_arrival_checkerplants
D:3:      uniq_robin, uniq_terence, uniq_ijyb, uniq_sigmund
D:4:      overflow_temple_1_default, serial_shops, nicolae_shop_behind_doors,
          first_bread
D:5:      grunt_temple_overflow_growth_and_decay
D:6:      temple_statues, cheibrodos_sewer_entry_drain, serial_shops, shop,
          minmay_misc_feat_rows, small_statue_intersection, grunt_ministairs_9,
          uniq_eustachio
D:7:      nicolae_overflow_crystal_walls, enter_bailey_8, serial_shops,
          shop_statue, nicolae_shop_waterfront
D:8:      serial_shops, shop_fountains, uniq_grum
D:9:      lair_entry_dummy, erik_orc_4, the_bakery, kennysheep_decorative_pillar
D:10:     uniq_erica, uniq_urug, uniq_nergalle
D:11:     item_on_display_a
D:12:     grunt_dithmenos_shadows
D:13:     regret_index_bee_streams, david_vaults_3, serial_shops, shop, shop,
          shop, shop
Temple:   regret_index_temple_mists
Orc:2:    grunt_orc_tribal_feast
Sewer:    sewer_frog_island_02

Skill      XL: |  1  2  3  4  5  6  7  8  9 10 11 12 13 |
---------------+----------------------------------------+-----
Short Blades   | 1 2 3 4 5 6 7 |  7.9
Long Blades    | 1 2 3 4 5 6 7 |  7.9
Maces & Flails | 1 2 3 4 5 6 7 |  7.9
Polearms       | 1 2 3 4 5 6 7 |  7.9
Staves         | 1 2 3 4 5 6 7 |  7.9
Slings         | 1 2 3 4 5 6 7 |  7.9
Bows           | 1 2 3 4 5 6 7 |  7.9
Crossbows      | 1 2 3 4 5 6 7 |  7.9
Throwing       | 1 2 3 4 5 6 7 |  7.9
Armour         | 1 2 3 4 5 6 7 |  7.9
Shields        | 1 2 3 4 5 6 7 |  7.9
Unarmed Combat | 1 2 3 4 5 6 7 |  7.9
Spellcasting   | 1 2 3 4 5 6 7 |  7.9
Conjurations   | 1 2 3 4 5 6 7 |  7.9
Hexes          | 1 2 3 4 5 6 7 |  7.9
Charms         | 1 2 3 4 5 6 7 |  7.9
Summonings     | 1 2 3 4 5 6 7 |  7.9
Necromancy     | 1 2 3 4 5 6 7 |  7.9
Translocations | 1 2 3 4 5 6 7 |  7.9
Transmutations | 1 2 3 4 5 6 7 |  7.9
Fire Magic     | 1 2 3 4 5 6 7 |  7.9
Ice Magic      | 1 2 3 4 5 6 7 |  7.9
Air Magic      | 1 2 3 4 5 6 7 |  7.9
Earth Magic    | 1 2 3 4 5 6 7 |  7.9
Poison Magic   | 1 2 3 4 5 6 7 |  7.9
Invocations    | 1 2 3 4 5 6 7 |  7.9
Evocations     | 1 2 3 4 5 6 7 |  7.9
Fighting       | 7 8 9 10 | 10.3
Axes           | 7 8 9 10 | 10.3
Dodging        | 7 8 9 10 | 10.3
Stealth        | 5 6 7 8 9 |  9.1

Action                   |  1- 3 |  4- 6 |  7- 9 | 10-12 | 13-15 || total
-------------------------+-------+-------+-------+-------+-------++-------
Melee: Hand axe          |    89 |    31 |       |       |       ||   120
       Bite              |    11 |     7 |    39 |    73 |     2 ||   132
       War axe           |       |    10 |   215 |   355 |    14 ||   594
       Punch             |       |       |     3 |    27 |     2 ||    32
Invok: Slouch            |       |       |     2 |     9 |     4 ||    15
Evoke: Wand              |       |       |     2 |     7 |       ||     9
  Use: Potion            |     2 |     1 |     3 |    10 |       ||    16
       Scroll            |       |     6 |     7 |     9 |       ||    22
 Stab: Sleeping          |       |     1 |     5 |    15 |       ||    21
       Distracted        |       |       |     2 |       |       ||     2
       Invisible         |       |       |       |     1 |       ||     1
  Eat: Royal jelly       |     1 |       |       |       |       ||     1
       Fruit             |       |     4 |       |     2 |       ||     6
       Chunk             |       |       |    12 |     7 |       ||    19
       Meat ration       |       |       |       |       |     1 ||     1
Armor: Ring mail         |    22 |     2 |       |       |       ||    24
       Robe              |     2 |       |       |       |       ||     2
       Leather armour    |       |     8 |    42 |    28 |       ||    78
       Skin              |       |       |       |    36 |       ||    36
       Troll leather arm |       |       |       |    19 |     1 ||    20
Dodge: Dodged            |    97 |    35 |   357 |   407 |    19 ||   915

Table legend:
 A = Spawn XP
 B = Non-spawn XP
 C = Spawn XP percentage of total XP
 D = Spawn monster count
 E = Non-spawn monster count
 F = Spawn count percentage of total count
 G = Total turns spent on level
                    A         B        C        D         E        F      G
               +---------+---------+-------+---------+---------+-------+---------
         Total |       0 |   36973 |   0.0 |       0 |     377 |   0.0 |  4405
               +---------+---------+-------+---------+---------+-------+---------
           D:1 |       0 |       7 |   0.0 |       0 |       4 |   0.0 |    49
           D:2 |       0 |      15 |   0.0 |       0 |       2 |   0.0 |   200
           D:3 |       0 |      59 |   0.0 |       0 |      17 |   0.0 |   132
           D:4 |       0 |     104 |   0.0 |       0 |       8 |   0.0 |   148
           D:5 |       0 |       2 |   0.0 |       0 |       1 |   0.0 |   169
           D:6 |       0 |     759 |   0.0 |       0 |      20 |   0.0 |   280
           D:7 |       0 |    1842 |   0.0 |       0 |      47 |   0.0 |   564
           D:8 |       0 |    1293 |   0.0 |       0 |      25 |   0.0 |   320
           D:9 |       0 |    2967 |   0.0 |       0 |      29 |   0.0 |   316
          D:10 |       0 |    1228 |   0.0 |       0 |      16 |   0.0 |   334
          D:11 |       0 |    2113 |   0.0 |       0 |      21 |   0.0 |   240
          D:12 |       0 |    3756 |   0.0 |       0 |      27 |   0.0 |   523
          D:13 |       0 |    9964 |   0.0 |       0 |      32 |   0.0 |    25
         Orc:1 |       0 |    1149 |   0.0 |       0 |       7 |   0.0 |    97
         Orc:2 |       0 |   11329 |   0.0 |       0 |      64 |   0.0 |   760
         Sewer |       0 |     386 |   0.0 |       0 |      57 |   0.0 |   227
               +---------+---------+-------+---------+---------+-------+---------
